 Dungeon Crawl Stone Soup version 0.30.1-9-gdf580d7c3d (webtiles) character file.

Game seed: 5898339345958641245

640 Zhuub the Cudgeller (level 7, 0/59 HPs)
             Began as a Minotaur Gladiator on Oct 21, 2023.
             Was a Follower of the Shining One.
             Succumbed to a water moccasin's poison
             ... on level 5 of the Dungeon.
             The game lasted 00:47:12 (3406 turns).

Zhuub the Cudgeller (Minotaur Gladiator)            Turns: 3406, Time: 00:47:13

Health: 0/59       AC:  7    Str: 21    XL:     7   Next: 26%
Magic:  3/6        EV: 12    Int: 13    God:    the Shining One [*.....]
Gold:   291        SH:  0    Dex: 11    Spells: 6/6 levels left

rFire   + . .        a - +0 flail
rCold   . . .        (no shield)
rNeg    + . .        i - +0 ring mail
rPois   .            c - +0 hat
rElec   .            (no cloak)
rCorr   .            K - +0 pair of gloves
SInv    .            (no boots)
Will    +....        F - amulet of guardian spirit
Stlth   +            I - +6 ring of intelligence
HPRegen 0.29/turn    P - ring "Secacw" {Contam rF+ rN+ Will+ Int+2}
MPRegen 0.10/turn

%: guardian spirit
@: lethally poisoned (0 -> -9), glowing
A: horns 2, retaliatory headbutt
a: Renounce Religion, Divine Shield


You were on level 5 of the Dungeon.
You worshipped the Shining One.
The Shining One was aware of your devotion.
You visited 1 branch of the dungeon, and saw 5 of its levels.

You collected 291 gold pieces.

Inventory:

Hand Weapons
 a - a +0 flail (weapon)
 n - a +0 spear
 o - a +0 dagger
 p - a +0 spear
 r - a +0 whip
 x - a +0 dagger
 y - a +0 dagger
 z - a +0 sling
 G - a +0 war axe
 M - a +0 dagger
Missiles
 d - 4 throwing nets
 m - 12 poisoned darts
 N - 2 javelins (quivered)
Armour
 b - a +0 leather armour
 c - a +0 hat (worn)
 f - a +0 scale mail
 i - a +0 ring mail (worn)
 K - a +0 pair of gloves (worn)
Jewellery
 q - a ring of fire
 F - an amulet of guardian spirit (around neck)
 I - a +6 ring of intelligence (left hand)
 J - a ring of willpower
 L - a ring of positive energy
 P - the ring "Secacw" (right hand) {Contam rF+ rN+ Will+ Int+2}
   (You found it on level 5 of the Dungeon)

   [ring of willpower]

   Int:       It affects your intelligence (+2).
   rF:        It protects you from fire.
   rN:        It protects you from negative energy.
   Contam:    It causes magical contamination when unequipped.
   Will:      It increases your willpower.
Scrolls
 e - 2 scrolls of magic mapping
 h - 2 scrolls of identify
 l - 2 scrolls of teleportation
 u - 2 scrolls of fog {unknown}
 A - a scroll of vulnerability {unknown}
 B - a scroll of amnesia {unknown}
 D - a scroll of fear {unknown}
 E - 3 scrolls of enchant weapon {unknown}
Potions
 g - 2 potions of ambrosia {unknown}
 j - a potion of berserk rage {unknown}
 k - 3 potions of magic {unknown}
 s - 2 potions of attraction {unknown}
 v - a potion of degeneration {unknown}
 w - a potion of invisibility {unknown}
 C - 4 potions of curing {unknown}
 H - 2 potions of flight {unknown}
 O - a potion of heal wounds {unknown}


   Skills:
 + Level 4.2 Fighting
 + Level 7.2 Maces & Flails
 + Level 2.8 Throwing
 + Level 4.0 Armour
 + Level 4.4 Dodging
 + Level 0.8 Stealth


You had 6 spell levels left.
You didn't know any spells.
Your spell library contained the following spells:

 Spells                   Type           Power      Damage    Failure   Level
 Apportation              Tloc           0%         N/A       45%         1
 Shock                    Conj/Air       0%         1d3       45%         1
 Portal Projectile        Hex/Tloc       0%         N/A       83%         3
 Swiftness                Air            0%         N/A       83%         3
 Airstrike                Air            0%         2d(0-16)  99%         4
 Summon Forest            Summ/Tloc      0%         N/A       100%        5


Dungeon Overview and Level Annotations

Branches:
Dungeon (5/15)
 Temple: D:4-7

Altars:
Makhleb
Okawaru
Sif Muna
The Shining One


Innate Abilities, Weirdness & Mutations

You have a pair of horns on your head.
You reflexively headbutt those who attack you in melee.


Message History

Your headbutt misses the water moccasin.
Your punch misses the water moccasin.
The water moccasin is heavily wounded.
You feel very sick.
The water moccasin bites you but does no damage.
You barely miss the water moccasin.
The water moccasin is heavily wounded.
You feel very sick. The water moccasin bites you. x2
You barely miss the water moccasin. You headbutt the water moccasin!
The water moccasin is almost dead.
You feel very sick. The water moccasin bites you!
* * * LOW HITPOINT WARNING * * *
You are lethally poisoned!
The water moccasin poisons you!
You fail to use your ability.
* * * LOW HITPOINT WARNING * * *
You feel very sick.
The water moccasin bites you but does no damage.
The water moccasin misses you.
You sock the water moccasin!
You kill the water moccasin!
* * * LOW HITPOINT WARNING * * *
You feel very sick.
Your Armour skill increases to level 4!
There is a lethal amount of poison in your body!
As you read the scroll labelled PIAR RUFOTOR, it crumbles to dust.
You feel aware of your surroundings.
It was a scroll of magic mapping.
* * * LOW HITPOINT WARNING * * *
You feel very sick.
As you read the scroll labelled GEESAR PAOJAT, it crumbles to dust.
It is a scroll of identify.
l - 2 scrolls of teleportation
* * * LOW HITPOINT WARNING * * *
You feel very sick.
As you read the scroll labelled UDURAXZUMY, it crumbles to dust.
The air around you briefly surges with heat, but it dissipates.
It was a scroll of immolation.
You die...

....# #.# #...###.**,*
....#####.#### #...#(.,**,*
.......†.....# #..(..,,,,,*
.##...##...#.###....,,,****
....#..............#,***
#...#......#.#.##..#,*
#.#####............#,*
#.).#...#.>#.#.##†##,*
###.#.###.......@.##.*
###...# ##...........#
.....#####.#.#########
##.........#.#
##.#########.# ...# #.#
############.# #...<....#
#.########


There were no monsters in sight!

Vanquished Creatures
  A water moccasin (D:5)
  An ogre (D:4)
  2 phantoms (D:4)
  A scorpion (D:5)
  A hound (D:5)
  An orc priest (D:3)
  3 gnolls (D:2)
  8 adders
  4 worms
  3 dart slugs
  6 orcs
  6 ball pythons
  5 endoplasms
  2 giant cockroaches
  4 goblins
  4 hobgoblins
  3 jackals (D:2)
  6 kobolds
  A quokka (D:3)
  6 bats
  3 frilled lizards
  5 rats
76 creatures vanquished.

Notes
Turn   | Place    | Note
-------+----------+-------------------------------------------
     0 | D:1      | Zhuub the Minotaur Gladiator began the quest for the Orb.
     0 | D:1      | Reached XP level 1. HP: 18/18 MP: 0/0
   197 | D:1      | Reached skill level 4 in Maces & Flails
   255 | D:1      | Reached XP level 2. HP: 22/25 MP: 1/1
   462 | D:2      | Reached XP level 3. HP: 26/30 MP: 2/2
   627 | D:2      | Reached skill level 1 in Armour
   627 | D:2      | Reached XP level 4. HP: 33/38 MP: 3/3
   783 | D:2      | Reached skill level 5 in Maces & Flails
   804 | D:2      | Found a glowing golden altar of the Shining One.
   810 | D:2      | Became a worshipper of the Shining One
  1124 | D:3      | Found a faded altar of an unknown god.
  1128 | D:3      | Found an iron altar of Okawaru.
  1266 | D:3      | Reached XP level 5. HP: 31/45 MP: 4/4
  1583 | D:3      | Found a shimmering blue altar of Sif Muna.
  1905 | D:4      | Identified the +6 whip "Hoets" {drain, rN+ Str-2 Int+4}
  1935 | D:4      | Got the Catalogue of Dislocation
  2185 | D:4      | Noticed a phantom
  2207 | D:4      | Killed a phantom
  2208 | D:4      | Reached skill level 6 in Maces & Flails
  2311 | D:4      | Found a burning altar of Makhleb.
  2324 | D:4      | Noticed a phantom
  2353 | D:4      | Killed a phantom
  2354 | D:4      | Reached XP level 6. HP: 51/51 MP: 5/5
  2746 | D:4      | Found a glowing golden altar of the Shining One.
  2991 | D:5      | Entered Level 5 of the Dungeon
  3099 | D:5      | Reached * piety under the Shining One
  3285 | D:5      | Reached skill level 7 in Maces & Flails
  3285 | D:5      | Reached XP level 7. HP: 52/59 MP: 6/6
  3310 | D:5      | Identified the ring "Secacw" {Contam rF+ rN+ Will+ Int+2}
  3405 | D:5      | HP: 1/59 [poisoned by a water moccasin]
  3406 | D:5      | Succumbed to a water moccasin's poison

Illustrated notes

Levels and vault maps discovered:
D:1:      dpeg_arrival_signposts, layout_loops_corners
D:2:      layout_loops_cross, basic_altar, st_stairs_1
D:3:      layout_loops_ring, lemuel_crystal_altar,
          nicolae_overflow_ecumenical_swirl
D:4:      layout_basic, lightli_temple_of_fire, kennysheep_mini_moat,
          enter_ossuary_2, minmay_hedge_maze, minivault_5
D:5:      layout_loops_ring

Skill      XL: |  1  2  3  4  5  6  7 |
---------------+----------------------+-----
Maces & Flails | 4 5 6 7 |  7.2
Fighting       | 3 4 |  4.2
Armour         | 1 2 3 4 |  4.0
Dodging        | 4 |  4.4
Throwing       | |  2.8
Stealth        | |  0.8

Action                     |  1- 3 |  4- 6 |  7- 9 || total
---------------------------+-------+-------+-------++-------
  Melee: Flail             |    55 |   114 |    15 ||   184
         Headbutt          |    10 |    20 |     2 ||    32
         Punch             |     3 |     2 |       ||     5
  Throw: Dart              |     1 |    15 |     2 ||    18
         Javelin           |     1 |       |     1 ||     2
    Use: Scroll            |       |       |     3 ||     3
 Armour: Ring mail         |    14 |    25 |     7 ||    46
         Scale mail        |     2 |       |       ||     2
  Dodge: Dodged            |    34 |    57 |     6 ||    97
